Cogmind - Beta 14 @@@ ROGUE MODE // 2025.03.08 @ 23:09:02 // Winter2022/Polymind Player: Bbenedict8 Result: Destroyed by P-80 Master with Gamma Rifle Performance ------------- Evolutions (5) 2500 Regions Visited (11) 2200 Robots Destroyed (20) 100 Value Destroyed (905) 905 Prototype IDs (0) 0 Alien Tech Used (0) 0 Bonus (4816) 4816 TOTAL SCORE: 10211 Bonus ------- Polymind Skill 3809 Pacifist 200 High Alert Combat Kills 18 Follower Combat Kills 589 Entered Garrisons 200 Cogmind --------- Core Integrity 0/1000 Matter 0/0 Energy 45/100 System Corruption 1% Temperature Cool (0) Movement Core (50) Location -5/Factory Parts ------- > --- POWER (1) -------- (None) > --- PROPULSION (2) --- (None) > --- UTILITY (1) ------ (None) > --- WEAPON (1) ------- (None) > --- INVENTORY (0) ---- (None) Peak State ------------ > --- POWER ------------ Micro Fission Core > --- PROPULSION ------- Combat Gravmag System Combat Gravmag System > --- UTILITY ---------- Improved Launcher Guidance Computer Layered Light Armor Plating Shock Absorption System > --- WEAPON ----------- Heavy Rocket Launcher > --- INVENTORY -------- (None) [Rating: 36] Favorites ----------- Power Light Ion Engine Engine Light Ion Engine Power Core Light Nuclear Core Propulsion Wheel Treads Light Treads Leg Aluminum Leg Wheel Wheel Hover Unit Backup Propulsion III Flight Unit Flight Unit Utility Heat Sink Device Heat Sink Storage Small Matter Pod Processor Terrain Scan Processor Protection Light Armor Plating Weapon Beam Rifle Energy Gun Beam Rifle Ballistic Gun Heavy Assault Rifle Launcher Heavy Rocket Launcher Special Weapon Mining Laser Build | -11 -10 -9 -8 -7 -7 -7 -7 -6 -6 -6 -5 ------- Run | Yrd Mat Mat Mat Fac Gar Fac Low Fac Was Fac Fac Slots Evolved . | . . . . . . . . . . . . Power . | . . . . . . . . . . . . Propulsion . | . . . . . . . . . . . . Utility . | . . . . . . . . . . . . Weapon . | . . . . . . . . . . . . Parts Attached . | . . . . . . . . . . . . Power . | . . . . . . . . . . . . Engine . | . . . . . . . . . . . . Core . | . . . . . . . . . . . . Reactor . | . . . . . . . . . . . . Propulsion . | . . . . . . . . . . . . Treads . | . . . . . . . . . . . . Leg . | . . . . . . . . . . . . Wheel . | . . . . . . . . . . . . Hover . | . . . . . . . . . . . . Flight . | . . . . . . . . . . . . Utility . | . . . . . . . . . . . . Device . | . . . . . . . . . . . . Storage . | . . . . . . . . . . . . Processor . | . . . . . . . . . . . . Hackware . | . . . . . . . . . . . . Protection . | . . . . . . . . . . . . Artifact . | . . . . . . . . . . . . Weapon . | . . . . . . . . . . . . Energy Gun . | . . . . . . . . . . . . Energy Cannon . | . . . . . . . . . . . . Ballistic Gun . | . . . . . . . . . . . . Ballistic Cannon . | . . . . . . . . . . . . Launcher . | . . . . . . . . . . . . Special Weapon . | . . . . . . . . . . . . Impact Weapon . | . . . . . . . . . . . . Slashing Weapon . | . . . . . . . . . . . . Piercing Weapon . | . . . . . . . . . . . . Special Melee Weapon . | . . . . . . . . . . . . Unidentified Prototypes . | . . . . . . . . . . . . Parts Lost 18 | . . 2 6 2 . . 1 . . . 7 Power 4 | . . . 1 . . . 1 . . . 2 Propulsion 6 | . . 1 3 . . . . . . . 2 Utility 3 | . . . . 2 . . . . . . 1 Weapon 5 | . . 1 2 . . . . . . . 2 Highest Loss Streak 7 | . . 2 3 2 . . 1 . . . 7 To Critical Strikes . | . . . . . . . . . . . . Average Slot Usage (%) 87 | . 100 100 92 88 61 74 85 92 100 98 76 Engine 13 | . 20 18 12 10 8 1 . 7 16 19 18 Core 1 | . . 2 . . 1 12 . . . . . Treads 5 | . . . 18 22 18 . . . . . . Leg 3 | . . 4 . . 2 25 . . . . . Wheel 21 | . 40 27 4 . . 3 28 30 33 38 36 Device 15 | . 20 15 21 22 10 15 28 30 33 3 . Storage 7 | . 20 13 2 . . . . . . 17 18 Protection 2 | . . . 9 10 . . . . . . . Energy Gun 6 | . . 2 9 10 10 12 . . . 17 . Ballistic Gun 3 | . . 5 10 10 8 . . . . . . Special Weapon 3 | . . . . . . 1 14 14 16 1 . Peak Build Rating 36 | 5 5 10 11 11 10 10 8 8 8 8 36 Average Rating 7 | 3 5 5 9 9 7 7 7 7 8 7 4 On Entrance 6 | . 5 5 5 11 9 10 8 7 8 8 7 Naked Turns 297 | . . 4 34 36 30 134 . 2 . 6 51 Heaviest Build 18 | 9 9 9 18 18 14 9 6 6 6 7 16 Greatest Support 40 | 32 32 32 40 40 40 20 20 20 20 20 28 Greatest Overweight (x) 1 | . . . 1 . . . . . . . . Average Overweight (x) . | . . . . . . . . . . . . Largest Inventory Capacity 4 | 4 4 4 4 1 1 1 . . . 1 1 Average Capacity . | 2 4 2 1 . . . . . . . . Most Carried 4 | 4 4 4 . . . . . . . . . Average Carried . | 1 3 2 . . . . . . . . . Final Capacity 4 | 4 4 4 1 1 1 . . . . 1 . Final Carried 4 | 4 3 . . . . . . . . . . Class Distribution -------------------- 29% | Worker 23% | Sentry 15% | Tunneler 8% | Recycler 8% | Grunt 7% | Cogmind 5% | Builder Dominant Class ---------------- Recycler | -10/Materials Recycler | -9/Materials Sentry | -8/Materials Sentry | -7/Factory Sentry | -7/Garrison Grunt | -7/Factory Builder | -7/Lower Caves Builder | -6/Factory Tunneler | -6/Waste Worker | -6/Factory Worker | -5/Factory Resources | -11 -10 -9 -8 -7 -7 -7 -7 -6 -6 -6 -5 ----------- Run | Yrd Mat Mat Mat Fac Gar Fac Low Fac Was Fac Fac Matter Collected 131 | . . 5 46 68 . . . . . . 12 Remotely . | . . . . . . . . . . . . Salvage Created 828 | . . 19 233 202 . . . . . . 374 Parts 29 | . . 3 9 9 . . . . . . 8 Haulers Intercepted . | . . . . . . . . . . . . Recyclers Shooed 1 | . . . . 1 . . . . . . . Parts Field Recycled . | . . . . . . . . . . . . Retrieved Matter . | . . . . . . . . . . . . Parts Self-Destructed . | . . . . . . . . . . . . Prevented 1 | . . . . . . . 1 . . . . Kills | -11 -10 -9 -8 -7 -7 -7 -7 -6 -6 -6 -5 ------- Run | Yrd Mat Mat Mat Fac Gar Fac Low Fac Was Fac Fac Combat Hostiles Destroyed 16 | . . 2 4 3 . . . . . . 7 Guns 9 | . . 2 4 3 . . . . . . . AOE 7 | . . . . . . . . . . . 7 Classes Destroyed 8 | . . 2 2 1 . . . . . . 3 Worker 2 | . . . . 1 . . . . . . 1 Builder 1 | . . . . . . . . . . . 1 Tunneler 1 | . . . . . . . . . . . 1 Swarmer 2 | . . 1 1 . . . . . . . . Grunt 9 | . . 1 1 1 . . . . . . 6 Sentry 3 | . . . 1 2 . . . . . . . Hunter 1 | . . . 1 . . . . . . . . Behemoth 1 | . . . . . . . . . . . 1 Best Kill Streak 10 | . . 2 2 2 . . . . . . 10 Combat Bots Only 7 | . . 2 2 2 . . . . . . 7 Max Kills in Single Turn 2 | . . 1 1 1 . . . . . . 2 Gunslinging . | . . . . . . . . . . . . Exploded 2 | . . . . . . . . . . . 2 Melee . | . . . . . . . . . . . . Uniques/NPCs Destroyed . | . . . . . . . . . . . . Combat | -11 -10 -9 -8 -7 -7 -7 -7 -6 -6 -6 -5 -------- Run | Yrd Mat Mat Mat Fac Gar Fac Low Fac Was Fac Fac Hostile Shots Fired 398 | . . 104 74 106 34 5 . . . 9 66 Missed 158 | . . 60 19 36 17 2 . . . 5 19 Damage Taken 3935 | . . 462 836 669 271 51 52 . . 36 1558 Core 2277 | . . 163 499 267 255 49 12 . . 26 1006 Absorbed by Shields . | . . . . . . . . . . . . Core Remaining (%) 63 | 100 100 59 9 . . . 16 . . 96 . Volleys Fired 65 | . . 11 25 16 . 3 . . 2 . 8 Largest 2 | . . 1 2 2 . 1 . . 1 . 1 Hottest 100 | . . 65 79 79 . 65 . . 100 . 39 Shots Fired 85 | . . 11 30 31 . 3 . . 2 . 8 Gun 75 | . . 11 30 31 . 3 . . . . . Cannon . | . . . . . . . . . . . . Launcher 8 | . . . . . . . . . . . 8 Special 2 | . . . . . . . . . 2 . . Kinetic 45 | . . 3 26 16 . . . . . . . Thermal 32 | . . 8 4 15 . 3 . . 2 . . Explosive 8 | . . . . . . . . . . . 8 Electromagnetic . | . . . . . . . . . . . . Robot Hit Streak 10 | . . 7 8 10 . 5 . . . . 8 Robot Miss Streak 3 | . . 2 2 1 . 2 . . 3 . . Penetration Max . | . . . . . . . . . . . . Secondary Targets . | . . . . . . . . . . . . Shots Hit Robots 62 | . . 8 20 25 . 1 . . . . 8 Core Hits 48 | . . 3 13 12 . 3 . . . . 17 Critical Kills 1 | . . . 1 . . . . . . . . Critical Parts Destroyed . | . . . . . . . . . . . . Critical Strikes 3 | . . . 1 2 . . . . . . . Burn 2 | . . . . 2 . . . . . . . Destroy 1 | . . . 1 . . . . . . . . Melee Attacks . | . . . . . . . . . . . . Impact . | . . . . . . . . . . . . Slashing . | . . . . . . . . . . . . Piercing . | . . . . . . . . . . . . Sneak Attacks . | . . . . . . . . . . . . Combat Hostiles . | . . . . . . . . . . . . Follow-up Attacks . | . . . . . . . . . . . . Damage Inflicted 1902 | . . 113 238 427 4 30 . . . . 1090 Guns 695 | . . 113 194 374 . 14 . . . . . Cannons . | . . . . . . . . . . . . Explosions 1043 | . . . . . . . . . . . 1043 Melee . | . . . . . . . . . . . . Ramming 164 | . . . 44 53 4 16 . . . . 47 Kinetic 369 | . . 9 164 196 . . . . . . . Thermal 406 | . . 104 30 178 . 14 . . . . 80 Explosive 963 | . . . . . . . . . . . 963 Electromagnetic . | . . . . . . . . . . . . Impact . | . . . . . . . . . . . . Slashing . | . . . . . . . . . . . . Piercing . | . . . . . . . . . . . . Highest Corruption 4 | . . . 4 3 3 3 3 . . . 1 Average Corruption 3 | . . . 3 2 3 3 3 . . . 1 Corruption Purged . | . . . . . . . . . . . . Corruption Blocked . | . . . . . . . . . . . . Effects 27 | . . . 17 1 2 7 . . . . . Message Errors 6 | . . . 5 . . 1 . . . . . Matter Fused 6 | . . . 5 . 1 . . . . . . Heat Flow Errors 1 | . . . . . . 1 . . . . . Energy Discharges 4 | . . . 3 . . 1 . . . . . Data Loss (minor) 6 | . . . 2 . 1 3 . . . . . Data Loss (major) 2 | . . . 1 . . 1 . . . . . Misfires 1 | . . . 1 . . . . . . . . Weapon Failures 1 | . . . . 1 . . . . . . . Overload Shots . | . . . . . . . . . . . . Overflow Damage 55 | . . . . . . . . . . . 55 Projectiles . | . . . . . . . . . . . . Explosions 55 | . . . . . . . . . . . 55 Melee . | . . . . . . . . . . . . Knockbacks . | . . . . . . . . . . . . Impact . | . . . . . . . . . . . . Kinetic . | . . . . . . . . . . . . Secondary . | . . . . . . . . . . . . Self-Inflicted Damage 69 | . . . 18 22 2 6 . . . . 21 Shots . | . . . . . . . . . . . . Rammed 56 | . . . 14 22 2 5 . . . . 13 Targets Rammed 56 | . . . 14 22 2 5 . . . . 13 Kicked . | . . . . . . . . . . . . Crushed . | . . . . . . . . . . . . Highest Temperature 140 | . . 23 81 97 2 116 2 . 80 13 140 Average Temperature 39 | . . 11 35 25 2 55 2 . 42 8 115 Received Heat Transfer 1023 | . . 117 198 189 153 45 12 . . 18 291 Siege Activations . | . . . . . . . . . . . . Robots Corrupted . | . . . . . . . . . . . . Combat Hostiles . | . . . . . . . . . . . . Parts Fried . | . . . . . . . . . . . . Impact Corruptions . | . . . . . . . . . . . . Robots Melted . | . . . . . . . . . . . . Combat Hostiles . | . . . . . . . . . . . . Parts Melted 5 | . . . 1 4 . . . . . . . Heat Transferred 1012 | . . 259 74 592 . 37 . . . . 50 Parts Sabotaged . | . . . . . . . . . . . . Parts Stolen . | . . . . . . . . . . . . Parts Stripped . | . . . . . . . . . . . . Power Chain Reactions . | . . . . . . . . . . . . Alert | -11 -10 -9 -8 -7 -7 -7 -7 -6 -6 -6 -5 ------- Run | Yrd Mat Mat Mat Fac Gar Fac Low Fac Was Fac Fac Peak Influence 765 | . 2 140 293 88 331 308 . 102 35 765 557 Initial 374 | . . . 59 4 61 173 . 102 35 . 374 Average 186 | . 1 29 143 16 140 189 . 101 29 307 427 Maximum Alert Level 3 | . . . 1 . 1 1 . . . 3 2 Low Security (%) 64 | 100 100 100 72 100 69 72 . 100 100 45 . Level 1 21 | . . . 27 . 30 27 . . . 5 58 Level 2 13 | . . . . . . . . . . 43 41 Level 3 . | . . . . . . . . . . 5 . Level 4 . | . . . . . . . . . . . . Level 5 . | . . . . . . . . . . . . High Security . | . . . . . . . . . . . . Max Security . | . . . . . . . . . . . . Squads Dispatched 18 | . . . . 3 . 2 . . . 6 7 Investigation 2 | . . . . . . . . . . . 2 Extermination 3 | . . . . 1 . . . . . 1 1 Reinforcement 5 | . . . . . . 2 . . . 2 1 Assault . | . . . . . . . . . . . . Garrison 8 | . . . . 2 . . . . . 3 3 Intercept . | . . . . . . . . . . . . Searches Triggered . | . . . . . . . . . . . . Construction Impeded 3 | . . . . . . . . . . 2 1 Haulers Reinforced . | . . . . . . . . . . . . Active Scanning Responses . | . . . . . . . . . . . . Cargo Convoy Interrupts . | . . . . . . . . . . . . Stealth | -11 -10 -9 -8 -7 -7 -7 -7 -6 -6 -6 -5 --------- Run | Yrd Mat Mat Mat Fac Gar Fac Low Fac Was Fac Fac Distress Signals 4 | . . . 1 . . . . . . 3 . Communications Jammed . | . . . . . . . . . . . . Distress Signals . | . . . . . . . . . . . . Times Spotted 116 | . . 34 29 7 12 12 . . . 1 21 Peak Tracking Total 13 | . . 13 11 2 9 5 . . . 1 9 Tactical Retreats 10 | . . 3 1 1 1 3 . . . . 1 Traps | -11 -10 -9 -8 -7 -7 -7 -7 -6 -6 -6 -5 ------- Run | Yrd Mat Mat Mat Fac Gar Fac Low Fac Was Fac Fac Traps Triggered 2 | . . . . . . . . 1 . . 1 Indirectly . | . . . . . . . . . . . . Trap Hack Attempts . | . . . . . . . . . . . . Triggered . | . . . . . . . . . . . . Disarmed . | . . . . . . . . . . . . Reprogrammed . | . . . . . . . . . . . . Reused . | . . . . . . . . . . . . Traps Extracted . | . . . . . . . . . . . . Installed . | . . . . . . . . . . . . Triggered . | . . . . . . . . . . . . Machines | -11 -10 -9 -8 -7 -7 -7 -7 -6 -6 -6 -5 ---------- Run | Yrd Mat Mat Mat Fac Gar Fac Low Fac Was Fac Fac Machines Disabled 16 | . . . . . . . . . . 6 10 Max in Single Turn 9 | . . . . . . . . . . . 9 Machines Repaired . | . . . . . . . . . . . . Machines Dismantled . | . . . . . . . . . . . . Machines Sabotaged . | . . . . . . . . . . . . Overloaded Fab Kills . | . . . . . . . . . . . . Hacking | -11 -10 -9 -8 -7 -7 -7 -7 -6 -6 -6 -5 --------- Run | Yrd Mat Mat Mat Fac Gar Fac Low Fac Was Fac Fac Machines Accessed 7 | . 1 1 1 1 . 1 . . . 1 1 Terminals 4 | . 1 1 . . . 1 . . . . 1 Fabricators 1 | . . . . . . . . . . 1 . Repair Stations 1 | . . . 1 . . . . . . . . Recycling Units . | . . . . . . . . . . . . Scanalyzers . | . . . . . . . . . . . . Garrison Access 1 | . . . . 1 . . . . . . . Total Hacks 13 | . 2 1 2 2 . 2 . . . 1 3 Successful 5 | . 1 . 1 1 . . . . . 1 1 Failed 8 | . 1 1 1 1 . 2 . . . . 2 Catastrophic 2 | . . 1 . . . . . . . . 1 Database Lockouts . | . . . . . . . . . . . . Manual 3 | . . 1 . . . 2 . . . . . Terminals 8 | . 2 1 . . . 2 . . . . 3 Fabricators 1 | . . . . . . . . . . 1 . Repair Stations 2 | . . . 2 . . . . . . . . Recycling Units . | . . . . . . . . . . . . Scanalyzers . | . . . . . . . . . . . . Garrison Access 2 | . . . . 2 . . . . . . . Terminal Hacks 2 | . 1 . . . . . . . . . 1 Record 2 | . 1 . . . . . . . . . 1 Fabricator Hacks 1 | . . . . . . . . . . 1 . Build 1 | . . . . . . . . . . 1 . Repair Station Hacks 1 | . . . 1 . . . . . . . . Scan Component 1 | . . . 1 . . . . . . . . Recycling Unit Hacks . | . . . . . . . . . . . . Scanalyzer . | . . . . . . . . . . . . Garrison Access Hacks 1 | . . . . 1 . . . . . . . Unlock Access 1 | . . . . 1 . . . . . . . Unauthorized Hacks . | . . . . . . . . . . . . Terminals . | . . . . . . . . . . . . Fabricators . | . . . . . . . . . . . . Repair Stations . | . . . . . . . . . . . . Recycling Units . | . . . . . . . . . . . . Scanalyzers . | . . . . . . . . . . . . Garrison Access . | . . . . . . . . . . . . Data Cores Recovered . | . . . . . . . . . . . . Used . | . . . . . . . . . . . . Hacking Detections 5 | . 1 . 1 1 . 1 . . . . 1 Full Trace Events 1 | . . . . . . . . . . . 1 Feedback Events . | . . . . . . . . . . . . Feedback Blocked . | . . . . . . . . . . . . Robot Schematics Acquired . | . . . . . . . . . . . . Robots Built 2 | . . . . . . . . . . 2 . Authchips . | . . . . . . . . . . . . Time 81 | . . . . . . . . . . 81 . Total Robot Build Rating 2 | . . . . . . . . . . 2 . Part Schematics Acquired . | . . . . . . . . . . . . Parts Built . | . . . . . . . . . . . . Authchips . | . . . . . . . . . . . . Time . | . . . . . . . . . . . . Total Part Build Rating . | . . . . . . . . . . . . Parts Repaired . | . . . . . . . . . . . . Time . | . . . . . . . . . . . . Parts Recycled . | . . . . . . . . . . . . Recycled Matter . | . . . . . . . . . . . . Retrieved Matter . | . . . . . . . . . . . . Retrieved Components . | . . . . . . . . . . . . Parts Scanalyzed . | . . . . . . . . . . . . Part Schematics Acquired . | . . . . . . . . . . . . Parts Damaged . | . . . . . . . . . . . . Bothacking | -11 -10 -9 -8 -7 -7 -7 -7 -6 -6 -6 -5 ------------ Run | Yrd Mat Mat Mat Fac Gar Fac Low Fac Was Fac Fac Used RIF Installer . | . . . . . . . . . . . . Robots Hacked 11 | . . 3 3 1 1 1 . . . . 2 Non-combat 4 | . . 1 1 . . 1 . . . . 1 Combat 7 | . . 2 2 1 1 . . . . . 1 Robot Hacks Applied 15 | . . 3 5 2 1 1 . . . . 3 find_chute 1 | . . . . . . . . . . . 1 map_walls 2 | . . . 1 . . 1 . . . . . find_recycling 1 | . . 1 . . . . . . . . . find_shortcuts 7 | . . 2 2 1 1 . . . . . 1 find_garrison 4 | . . . 2 1 . . . . . . 1 Relay Couplers Released . | . . . . . . . . . . . . Fabnet Peak Effective % . | . . . . . . . . . . . . Robots Rewired . | . . . . . . . . . . . . Allies Hacked . | . . . . . . . . . . . . Hacks Repelled . | . . . . . . . . . . . . Allies | -11 -10 -9 -8 -7 -7 -7 -7 -6 -6 -6 -5 -------- Run | Yrd Mat Mat Mat Fac Gar Fac Low Fac Was Fac Fac Total Allies 23 | . . . . . . . 1 . 20 2 . Largest Group 22 | . . . . . . . 1 . 20 22 19 Highest-Rated Group 650 | . . . . . . . 146 . 630 650 588 Highest-Rated Ally 146 | . . . . . . . 146 . 50 50 50 Total Orders . | . . . . . . . . . . . . Ally Attacks 199 | . . . . . . . 3 . . 157 39 Total Damage 3999 | . . . . . . . 283 . . 2877 839 Kills 26 | . . . . . . . 3 . . 20 3 Allies Corrupted . | . . . . . . . . . . . . Allies Melted . | . . . . . . . . . . . . Intel | -11 -10 -9 -8 -7 -7 -7 -7 -6 -6 -6 -5 ------- Run | Yrd Mat Mat Mat Fac Gar Fac Low Fac Was Fac Fac Robot Analysis Total 8 | 1 . 2 3 . . . . 1 . . 1 Derelict Logs Recovered . | . . . . . . . . . . . . Drone Launches . | . . . . . . . . . . . . Drone Recoveries . | . . . . . . . . . . . . Exploration | -11 -10 -9 -8 -7 -7 -7 -7 -6 -6 -6 -5 ------------- Run | Yrd Mat Mat Mat Fac Gar Fac Low Fac Was Fac Fac Turns Passed 4292 | 63 182 192 834 305 143 510 11 237 477 498 840 Spaces Moved 3630 | 68 172 229 239 159 114 589 14 298 399 411 938 Core 470 | 30 . 6 32 20 41 259 . 4 . 3 75 Treads 273 | . . . 68 139 66 . . . . . . Legs 276 | . . 5 . . 7 264 . . . . . Wheels 2517 | 38 172 127 138 . . 66 14 294 399 408 861 Hover 3 | . . . 1 . . . . . . . 2 Flight 91 | . . 91 . . . . . . . . . Fastest Speed 37 | 50 100 37 50 50 50 50 80 50 80 50 50 Average Speed 86 | 77 100 74 105 146 117 84 80 79 80 79 77 Slowest Speed 160 | 100 100 120 160 160 160 120 80 80 80 80 80 Overloaded Moves . | . . . . . . . . . . . . Propulsion Burnouts . | . . . . . . . . . . . . Robots Hopped 8 | . . 8 . . . . . . . . . Cave-ins Triggered . | . . . . . . . . . . . . Exploration Rate (%) 23 | 4 20 21 22 6 31 18 2 7 103 14 31 Regions Visited 11 Branch Regions 1 Pre-discovered Areas . | . . . . . . . . . . . . Known Exits Taken 1 | . . . . 1 . . . . . . . Unknown Exits Taken 7 | 1 1 1 1 . . 1 1 . . 1 . Scrap Searched . | . . . . . . . . . . . . Spaces Dug . | . . . . . . . . . . . . Terrain Destroyed 18 | . . . . . . . . . . . 18 Melee . | . . . . . . . . . . . . Projectile . | . . . . . . . . . . . . AOE 18 | . . . . . . . . . . . 18 Terrain Rammed . | . . . . . . . . . . . . Walls Destroyed . | . . . . . . . . . . . . Machines Disabled . | . . . . . . . . . . . . Actions | -11 -10 -9 -8 -7 -7 -7 -7 -6 -6 -6 -5 --------- Run | Yrd Mat Mat Mat Fac Gar Fac Low Fac Was Fac Fac Total 4696 | 79 182 232 802 200 122 596 13 298 550 580 1042 Wait 791 | . 4 . 517 4 . . . . 16 169 81 Move 3605 | 67 171 213 238 158 113 588 13 298 398 410 938 Hop 7 | . . 7 . . . . . . . . . Pick Up 12 | 8 3 1 . . . . . . . . . Fast Attach . | . . . . . . . . . . . . Attach . | . . . . . . . . . . . . Detach . | . . . . . . . . . . . . Swap . | . . . . . . . . . . . . Drop 4 | 4 . . . . . . . . . . . Fire 65 | . . 11 25 16 . 3 . . 2 . 8 Melee . | . . . . . . . . . . . . Ram 56 | . . . 14 22 2 5 . . . . 13 Kick . | . . . . . . . . . . . . Crush . | . . . . . . . . . . . . Escape Stasis . | . . . . . . . . . . . . Rewire 11 | . . . . . 7 . . . 1 1 2 Trap . | . . . . . . . . . . . . Miscellaneous 145 | . 4 . 8 . . . . . 133 . . Route ------- -11/Scrapyard -10/Materials -9/Materials -8/Materials -7/Factory -7/Garrison -7/Factory -7/Lower Caves -6/Factory -6/Waste -6/Factory -5/Factory History --------- Turn | Location | Event 4 | -11/Scrapyard | Discovered new exit (range 14) 64 | -11/Scrapyard | Entered Materials 230 | -10/Materials | Discovered new exit (range 12) 246 | -10/Materials | Entered another Materials area 432 | -9/Materials | Discovered new exit (range 5) 438 | -9/Materials | Entered another Materials area 595 | -8/Materials | Core integrity fell below 50% 601 | -8/Materials | Lost 3 parts (2n1w) 630 | -8/Materials | Core integrity fell below 20% 664 | -8/Materials | Lost 3 parts (1p1n1w) 1268 | -8/Materials | Discovered new exit (range 3) 1272 | -8/Materials | Entered Factory 1442 | -7/Factory | Identified exit to Garrison 1577 | -7/Factory | Entered Garrison 1651 | -7/Garrison | Triggered checkpoint 1655 | -7/Garrison | Triggered checkpoint 1663 | -7/Garrison | Triggered checkpoint 1696 | -7/Garrison | Discovered new exit (range 14) 1704 | -7/Garrison | Core integrity fell below 50% 1720 | -7/Garrison | Entered Factory 2154 | -7/Factory | Core integrity fell below 20% 2219 | -7/Factory | Discovered new exit (range 13) 2230 | -7/Factory | Entered Lower Caves 2231 | -7/Lower Caves | NK-0LA showed up to help 2233 | -7/Lower Caves | NK-0LA revealed a hidden path 2241 | -7/Lower Caves | Entered Factory 2478 | -6/Factory | Sucked down chute 2478 | -6/Factory | Entered Waste 2479 | -6/Waste | Joined by Warlord forces that had cleared the area 2824 | -6/Waste | Discovered new exit (range 11) 2955 | -6/Waste | Entered Factory 2955 | -6/Factory | Accompanied by 20 allies 3152 | -6/Factory | Fabricated T-07 Excavator (x2) 3199 | -6/Factory | Garrison activated, responded to threat 3425 | -6/Factory | Discovered new exit (range 12) 3453 | -6/Factory | Entered another Factory area 3453 | -5/Factory | Accompanied by 19 allies 3483 | -5/Factory | Spotted B-75 Beast 3488 | -5/Factory | Garrison activated, responded to threat 3505 | -5/Factory | Core integrity fell below 50% 3509 | -5/Factory | Destroyed B-75 Beast 3529 | -5/Factory | Lost 19 allies 3530 | -5/Factory | Destroyed 7 combat bots 3531 | -5/Factory | Core integrity fell below 20% 3547 | -5/Factory | Lost 7 parts (2p2n1u2w) 4293 | -5/Factory | Destroyed by P-80 Master with Gamma Rifle Last Messages --------------- 04154_ Cleaned Recycling Unit. 04177_ Connecting with DSF Access... 04190_ Cleaned Subcomponent Replicator. 04201_ Cleaned Nuclear Reactor. 04203_ Cleaned Subcomponent Replicator. 04214_ K-01 Serf cleans the Garrison Access. 04215_ Cleaned Garrison Access. 04215_ Cleaned Assembly Bed. 04217_ K-01 Serf cleans the Garrison Access. 04266_ ALERT: Cargo convoy en route, clear transfer corridor. 04286_ Released control of K-01 Serf. 04286_ Attempting to rewire K-01 Serf. 04286_ K-01 Serf is rebooting, system inaccessible. 04287_ ALERT: Rogue bot located, Programmers report to Factory Zone 7R. 04287_ Assembly Bed disabled. 04287_ Slammed into P-80 Master. 04288_ K-01 Serf reactivates. 04289_ Slammed into P-80 Master. 04292_ K-01 Serf collects debris. 04292_ Slammed into P-80 Master. Map ----- +----------------------------------------------------+ | # #????????????????????????????????? | | # #????????????????????????????????? | | # #????????????????????????????????? | | # ### #????????????????????????????????? | | ######## #?? #????????????????????????????????? | | #??? ???????????????????????????????? | | ?##+#####+###?? ?????????????????????????????? | | # #??? ?????????????????????????????? | | # """ """ #???? ?????????????????????????????? | | ??""" """ #????????????????????????????????????? | | ???"" """ +????????????????????????????????????? | | ???"" "" #????????#???????????????????????????? | | # "" "" #??????? #???????????????????????????? | | # #?????? #???????????????? ????????? | | ?#########+####### #??????????????? #???????? | | ???????# #???????????#### ????????? | | ??????# ????????? ?????????? | | ????# #??????????? ?????????? | | ??# #+############???? ?????????? | | # # """G""" #???? ??????????? | | ?" """ + + """ """ #???? """ ??????????? | | ?" """ # #### ##### """ ??????????? | | ?? ""??+ #??# [ R k """ ????????? | | ??#?#####+##### ### "" ????????? | | ????# # ! #?# "" ????????? | | ????# "" "" # @p#?# ????????? | | ????# "" "" # """""" #?# """ #???????? | | ????# """ """ # """"" k#?# """ ?????? | | ????# """ """ # """""" #?# """???????????? | | ????# """ """ # """""" #?# ""???????????? | | ????# # #?# ""???????????? | | ????# = ##############?## ???????????? | | ????###########???????????????? ???????????? | | ??????????????????????????????? !]] ???????????? | | ??????????????????????????????? !] ??????????? | | ??????????????????????????????? ]]?????????????? | | ??????????????????????????????? ???????????????? | | ?????????????????????????????????????????????????? | | ?????????????????????????????????????????????????? | | ?????????????????????????????????????????????????? | | ?????????????????????????????????????????????????? | | ?????????????????????????????????????????????????? | | ?????????????????????????????????????????????????? | | ?????????????????????????????????????????????????? | | ?????????????????????????????????????????????????? | | ?????????????????????????????????????????????????? | | ?????????????????????????????????????????????????? | | ?????????????????????????????????????????????????? | | ?????????????????????????????????????????????????? | | ?????????????????????????????????????????????????? | +----------------------------------------------------+ Best States ------------- Heat Dissipation 40 Energy Generation 25 Energy Capacity 215 Matter Stores 100 Matter Capacity 200 Sight Range 16 Terrain Scan Range 16 Terrain Scan Density 85 Armor Coverage 150 Resistance: EX 75 Resistance: I 25 Evasion (%) 62 Launcher Accuracy 30 Recoil Reduction 2 Item Schematics ----------------- None Robot Schematics ------------------ None Fabricated ------------ T-07 Excavator | x2 | -6/Factory | Preloaded Alien Tech Used ----------------- None Achievements -------------- We Are Legion Challenges ------------ None Polymind | -11 -10 -9 -8 -7 -7 -7 -7 -6 -6 -6 -5 ---------- Run | Yrd Mat Mat Mat Fac Gar Fac Low Fac Was Fac Fac Hosts 15 | 1 . 3 4 1 1 1 . 1 . 1 2 Combat Hostiles 7 | . . 2 2 1 1 . . . . . 1 Allies . | . . . . . . . . . . . . Unique Host Classes 8 | 1 . 2 3 . . . . 1 . . 1 Average Host Suspicion 47 | 7 14 68 53 45 68 60 . 66 18 47 48 Unsuspicious Activity 1665 | 2 20 . 522 . . 2 . 2 675 155 287 Returns to Shadow 2 | . . . 1 . . . . . . . 1 Fuzzy Dispatches 1 | . . . . . . . . . . 1 . Protomatter Created 1175 | . . 8 22 28 . . 17 . 753 154 193 Used 223 | 5 . 41 39 23 30 5 . 5 . 5 70 Decayed 901 | . . . . . . . . . 753 81 67 Highest Spend 65 | 5 . 30 23 23 30 5 . 5 . 5 65 Top 5 Hosts by Kills: D-63 Destroyer (-5/Factory: 7) Y-45 Defender (-7/Factory: 3) G-47 Trooper (-9/Materials: 2) S-10 Pest (-8/Materials: 2) Y-45 Defender (-8/Materials: 2) Game ------ Seed VoltaicCommFrame Manual? 0 Play Time 00:37:49 Cumulative 21.6 hours Start 2025.03.08 @ 22:32:14 End 2025.03.08 @ 23:09:02 Sessions 1 Manual Loads 0 Difficulty Rogue Special Mode Winter2022/Polymind Game No. 25 Rogue 23 Adventurer 2 Explorer 0 Win Type - Total 0 Types 0/0/0/0/0/0/0/0/0 Lore% 11 Gallery% 21 Achievement% 22 Wizard Run 0 Options --------- Layout 0 ASCII 0 Keyboard 0 Movement Arrows Keybinds 0 Fullscreen 1 Font 18/SmallcapsGlow Map View 76x50 Zoom Use 0% Tactical HUD 1 Map Filters NONE Filters NONE Steam 1 RUN: 8d5d05cb-79ed-404a-be51-f54fc63a58df